AoeStats
← DonkeyKong

Arabia

510451179Analyzed
1v1 RM · 22h ago on Oct 1, 2026· 23m 57s· 2 players
Game mode
Random Map
Map size
Tiny (2 player)
Population
200
Speed
Normal
Resources
Standard
Victory
Conquest
Starting age
Dark Age
Ending age
Imperial Age
RankedLock teamsTeams togetherTeam positionsShared explorationLock speedFull tech treeHidden civsTurbo modeCheats
Victory
Defeat
🇹🇼 Burgundians · Taiwan
1413
+16
🇺🇸 Gurjaras · United States
1407
-16
B1SH0P
5:15 Loom
8:26 Feudal Age
8:59 Double-Bit Axe
11:09 Town Watch
19:55 Wheelbarrow
20:06 Forging
25:04 Castle Age
23:15 Stone Mining
DonkeyKong
3:18 Double-Bit Axe
6:25 Loom
9:15 Feudal Age
11:01 Bow Saw
16:11 Fletching
21:34 Castle Age
Connection lost

Rejoining the realm…

Still unreachable

The connection could not be restored.

Session expired

The server has moved on; the page needs a fresh start.